 Dungeon Crawl Stone Soup version 0.19.0-11-g3fc08b3 (webtiles) character file.

4083 lorenzova the Blocker (level 10, -17/82 HPs)
             Began as a Formicid Fighter on Nov 8, 2016.
             Was an Elder of Okawaru.
             Demolished by Gastronok (28 damage)
             ... on level 8 of the Dungeon.
             The game lasted 00:16:07 (7370 turns).

lorenzova the Blocker (Formicid Fighter)            Turns: 7370, Time: 00:16:08

Health: -17/82     AC: 16    Str: 24    XL:     10   Next: 49%
Magic:  14/14      EV:  5    Int:  8    God:    Okawaru [****..]
Gold:   168        SH: 17    Dex: 10    Spells: 0 memorised, 14 levels left

rFire  + . .     SeeInvis +     G - +3 scythe of Urgency {freeze, rN+}
rCold  . . .     Gourm    .     F - +0 plate armour
rNeg   + . .     Faith    .     q - +0 large shield
rPois  .         Spirit   .     (helmet unavailable)
rElec  .         Reflect  .     B - +0 cloak "Buniesha" {rF+}
rCorr  .         Harm     .     (no gloves)
MR     +....                    e - +0 pair of boots
Stlth  ..........               (no amulet)
                                (no ring)
                                (no ring)

@: no status effects
A: permanent stasis, dig shafts and tunnels, four strong arms, antennae 3
a: Dig, Shaft Self, Heroism, Renounce Religion


You were on level 8 of the Dungeon.
You worshipped Okawaru.
Okawaru was greatly pleased with you.
You were very hungry.

You visited 1 branch of the dungeon, and saw 8 of its levels.

You collected 405 gold pieces.
You spent 237 gold pieces at shops.

Inventory:

Hand Weapons
 a - a +0 war axe
 A - a +2 war axe of flaming
 E - a +0 war axe of chopping
 G - the +3 scythe of Urgency (weapon) {freeze, rN+}
   (You found it on level 8 of the Dungeon)

   It has been specially enchanted to freeze those struck by it, causing extra
   injury to most foes and up to half again as much damage against particularly
   susceptible opponents.
   It can also slow down cold-blooded creatures.
   It protects you from negative energy.
Armour
 b - a +0 scale mail
 c - a +0 shield
 e - a +0 pair of boots (worn)
 q - a +0 large shield (worn)
 B - the +0 cloak "Buniesha" (worn) {rF+}
   (You bought it in a shop on level 4 of the Dungeon)

   It protects you from fire.
 F - a +0 plate armour (worn)
Jewellery
 z - an uncursed amulet of magic regeneration
 K - a +6 amulet of reflection {unknown}
Wands
 D - a wand of iceblast (7/15)
Scrolls
 g - a scroll of recharging
 h - 5 scrolls of remove curse
 i - 3 scrolls of immolation {unknown}
 k - 3 scrolls of teleportation {unknown}
 l - a scroll of fear {unknown}
 n - 3 scrolls of enchant armour {unknown}
 o - 2 scrolls of enchant weapon {unknown}
 r - 3 scrolls of blinking {unknown}
 t - 3 scrolls of random uselessness {unknown}
 x - 3 scrolls of magic mapping {unknown}
 y - 2 scrolls of fog {unknown}
 H - a scroll of amnesia {unknown}
Potions
 d - 5 potions of might
 j - a potion of haste
 m - 4 potions of degeneration
 p - 2 potions of mutation
 s - a potion of curing
 u - a potion of resistance
 C - a potion of magic {unknown}
 I - a potion of cure mutation {unknown}
 L - a potion of berserk rage {unknown}
Books
 J - a book of Battle

   Spells                             Type                      Level
   a - Infusion                       Charms                       1
   b - Shroud of Golubria             Charms/Translocation         2
   c - Song of Slaying                Charms                       2
   d - Spectral Weapon                Hexes/Charms                 3
   e - Regeneration                   Charms/Necromancy            3
Comestibles
 f - 5 bread rations
 v - 2 meat rations
 w - 2 fruits


   Skills:
 + Level 8.9 Fighting
 - Level 6.5 Axes
 + Level 8.8 Armour
 - Level 9.3 Shields
 + Level 2.9 Spellcasting


You had 14 spell levels left.
You didn't know any spells.

Dungeon Overview and Level Annotations

Branches:
Dungeon (8/15)             Temple (0/1) D:7
   Lair: D:8-11

Altars:
Ashenzari
Dithmenos
Fedhas
Kikubaaqudgha
Makhleb
Okawaru
Sif Muna
Trog
Vehumet
Xom
The Shining One

Shops:
D:4 [

Annotations:
D:8 Gastronok


Innate Abilities, Weirdness & Mutations

You are under a permanent stasis effect.
You can dig through walls and to a lower floor.
Your four strong arms can wield two-handed weapons with a shield.
You have a pair of large antennae on your head. (SInv)


Message History

The air twists around and strikes you!
You hit Gastronok. You freeze Gastronok.
Gastronok is heavily wounded.
Gastronok gurgles, "I'll eat you, I will!"
You block Gastronok's attack.
You slice Gastronok!! You freeze Gastronok!
Gastronok is heavily wounded.
You block Gastronok's attack.
You slash Gastronok! You freeze Gastronok.
Gastronok is severely wounded.
Gastronok waves his eye-stalks in wide circles.
The air twists around and strikes you!
* * * LOW HITPOINT WARNING * * *
You hit Gastronok but do no damage.
Gastronok is severely wounded.
You block Gastronok's attack.
You slash Gastronok! You freeze Gastronok.
Gastronok is severely wounded.
Gastronok bites you!!
You die...

$(.......##.............
#......≈.##.#####.......
#.....≈♣................
#......≈#.#.###...#...# .#
##.......#.#...(...#####.
..####........#.#####.........
..............#r# #....#######
..............#w###.##.#
.........≈≈..##.@......#
.........≈..# #####.####
............# #.##.##
....≈.......#######.#...####
...≈♣≈.....................+
.. ###...#########.#...####
##..# #.##.## ##.# #.# ##
####.#### #.#


You could see Gastronok and a rat.

Vanquished Creatures
  The ghost of slayr the Sneak, a novice OpTm of Sif Muna (D:6)
  The ghost of Nicoed the Destroyer, a novice DECj of Sif Muna (D:7)
  Pikel (D:4)
  Psyche (D:8)
  A hornet (D:8)
  A water moccasin (D:7)
  2 sky beasts
  2 orc warriors
  A black bear (D:6)
  2 ogres
  A centaur (D:5)
  2 bullfrogs (D:6)
  A scorpion (D:4)
  3 wights (D:6)
  3 crimson imps
  2 hounds
  4 orc priests
  A jelly (D:5)
  7 orc wizards
  Ijyb (D:2)
  6 iguanas
  2 worker ants (D:5)
  A hound skeleton (D:5)
  Robin (D:4)
  7 gnolls
  A howler monkey skeleton (D:5)
  9 adders
  4 shadow imps
  2 adder skeletons
  3 worms
  A dart slug (D:4)
  6 leopard geckos
  16 orcs
  5 bats
  6 giant cockroaches
  9 hobgoblins
  9 jackals
  4 quokkas
  A ball python (D:1)
  3 frilled lizards
  18 goblins
  13 kobolds
  10 rats
175 creatures vanquished.

Notes
Turn   | Place    | Note
-------+----------+-------------------------------------------
     0 | D:1      | lorenzova the Formicid Fighter began the quest for the Orb.
     0 | D:1      | Reached XP level 1. HP: 18/18 MP: 1/1
   103 | D:1      | Reached XP level 2. HP: 24/24 MP: 2/2
   167 | D:1      | Reached skill level 4 in Shields
   251 | D:1      | Reached XP level 3. HP: 26/29 MP: 3/3
   838 | D:2      | Found a shadowy altar of Dithmenos.
   838 | D:2      | Noticed Ijyb
   853 | D:2      | Killed Ijyb
   853 | D:2      | Reached XP level 4. HP: 30/37 MP: 4/4
   936 | D:2      | Found a shimmering altar of Xom.
  1159 | D:2      | Found a blossoming altar of Fedhas.
  1344 | D:3      | Found a deep blue altar of Sif Muna.
  1466 | D:3      | Found a bloodstained altar of Trog.
  1469 | D:3      | Found an ancient bone altar of Kikubaaqudgha.
  1482 | D:3      | Found an iron altar of Okawaru.
  1486 | D:3      | Became a worshipper of Warmaster Okawaru
  1571 | D:3      | Found a shattered altar of Ashenzari.
  1705 | D:3      | Reached XP level 5. HP: 24/42 MP: 5/5
  1959 | D:3      | Found a burning altar of Makhleb.
  2256 | D:3      | Noticed an ogre
  2265 | D:3      | Killed an ogre
  2265 | D:3      | Reached skill level 5 in Shields
  2265 | D:3      | Reached XP level 6. HP: 14/49 MP: 6/6
  2860 | D:4      | Reached skill level 5 in Fighting
  2860 | D:4      | Reached skill level 5 in Armour
  2890 | D:4      | Noticed Robin
  2895 | D:4      | Reached * piety under Okawaru
  2908 | D:4      | Killed Robin
  3071 | D:4      | Noticed an orc warrior
  3076 | D:4      | Reached skill level 6 in Shields
  3080 | D:4      | Reached XP level 7. HP: 41/56 MP: 7/7
  3321 | D:4      | Noticed Pikel
  3350 | D:4      | Killed Pikel
  3350 | D:4      | Reached skill level 7 in Shields
  3350 | D:4      | Reached XP level 8. HP: 26/65 MP: 6/8
  3563 | D:4      | Found Xett's Antique Armour Emporium.
  3947 | D:5      | Entered Level 5 of the Dungeon
  3954 | D:5      | Reached ** piety under Okawaru
  4517 | D:5      | Reached skill level 8 in Shields
  4582 | D:5      | Reached XP level 9. HP: 26/72 MP: 9/9
  5244 | D:4      | Bought a dazzling cloak for 237 gold pieces
  5249 | D:4      | Identified the +0 cloak "Buniesha" {rF+} (You bought it in a shop on level 4 of the Dungeon)
  5339 | D:6      | Found a glowing golden altar of the Shining One.
  5368 | D:6      | Noticed slayr's ghost (novice OpTm)
  5382 | D:6      | Killed slayr's ghost
  5382 | D:6      | Reached *** piety under Okawaru
  5382 | D:6      | Reached skill level 5 in Axes
  5840 | D:6      | Reached skill level 9 in Shields
  6215 | D:6      | Reached XP level 10. HP: 80/80 MP: 10/10
  6392 | D:7      | Found a staircase to the Ecumenical Temple.
  6489 | D:7      | Noticed Nicoed's ghost (novice DECj)
  6506 | D:7      | Killed Nicoed's ghost
  6506 | D:7      | Reached skill level 1 in Spellcasting
  7038 | D:7      | Found a radiant altar of Vehumet.
  7082 | D:8      | Noticed Psyche
  7101 | D:8      | Killed Psyche
  7101 | D:8      | Reached **** piety under Okawaru
  7205 | D:8      | Got a scorched scythe
  7210 | D:8      | Identified the +3 scythe of Urgency {freeze, rN+} (You found it on level 8 of the Dungeon)
  7333 | D:8      | Noticed Gastronok
  7370 | D:8      | Demolished by Gastronok

Skill      XL: |  1  2  3  4  5  6  7  8  9 10 |
---------------+-------------------------------+-----
Shields        | 4 5 6 7 8 9 |  9.3
Armour         | 4 5 6 7 8 |  8.8
Fighting       | 4 5 6 7 8 |  8.9
Axes           | 3 5 6 |  6.5
Spellcasting   | 2 |  2.9

Action                   |  1- 3 |  4- 6 |  7- 9 | 10-12 || total
-------------------------+-------+-------+-------+-------++-------
Melee: War axe           |    88 |   184 |   274 |    68 ||   614
       Scythe            |       |       |       |    29 ||    29
Invok: Heroism           |       |       |     1 |       ||     1
  Use: Scroll            |       |     1 |     6 |       ||     7
  Eat: Chunk             |       |     7 |     6 |     3 ||    16
       Beef jerky        |       |       |     2 |       ||     2
       Pizza             |       |       |     1 |       ||     1
Armor: Scale mail        |    35 |    78 |    25 |       ||   138
       Plate armour      |       |       |    60 |    43 ||   103
Dodge: Dodged            |    34 |    48 |    40 |    22 ||   144
Block: Shield            |    51 |    25 |       |       ||    76
       Large shield      |       |   136 |   234 |    88 ||   458
